 Dungeon Crawl Stone Soup version 0.30-a0-722-g3e6e8c874d (webtiles) character file.

Game seed: 9692840993258190363

197 Mitcholas the Caller (level 5, -1/23 HPs)
             Began as a Felid Summoner on Jan 27, 2023.
             Slain by a bullfrog (6 damage)
             ... on level 6 of the Dungeon.
             The game lasted 00:30:27 (5925 turns).

Mitcholas the Caller (Felid Summoner)               Turns: 5925, Time: 00:30:27

Health: -1/23      AC:  2    Str:  4    XL:     5   Next: 46%
Magic:  9/12       EV: 19    Int: 19    God:
Gold:   328        SH:  0    Dex: 16    Spells: 0/12 levels left
                                        Lives:  0   Deaths: 2

rFire   . . .      SeeInvis +    (weapon unavailable)
rCold   . . .      Faith    .    (shield unavailable)
rNeg    . . .      Spirit   .    (body armour unavailable)
rPois   +          Reflect  .    (helmet unavailable)
rElec   .          Harm     .    (cloak unavailable)
rCorr   .          Rampage  .    (gloves unavailable)
Will    .....                    (boots unavailable)
Stlth   ++                       (no amulet)
HPRegen 0.23/turn                h - ring of poison resistance
MPRegen 0.13/turn                (no ring)

@: quick
A: very small, claws 1, fangs 3, see invisible, speed 1, shaggy fur 2, stealthy
paws, no weapons or thrown items, no armour, multi-lived
a: no special abilities


You were on level 6 of the Dungeon.
You visited 2 branches of the dungeon, and saw 7 of its levels.

You collected 328 gold pieces.

Inventory:

Jewellery
 h - a ring of poison resistance (left paw)
 A - a ring of wizardry
Wands
 s - a wand of paralysis (5)
 t - a wand of digging (6)
Scrolls
 b - a scroll of poison {unknown}
 g - 2 scrolls of teleportation
 j - 3 scrolls of magic mapping
 m - a scroll of fear {unknown}
 n - a scroll of torment {unknown}
 q - a scroll of amnesia {unknown}
 u - a scroll of acquirement {unknown}
 v - a scroll of blinking {unknown}
 w - a scroll of brand weapon {unknown}
 x - 3 scrolls of noise
 y - a scroll of immolation
 D - 2 scrolls of fog
Potions
 a - a potion of magic
 c - 4 potions of brilliance
 d - 3 potions of heal wounds
 e - a potion of might {unknown}
 i - a potion of flight {unknown}
 k - 2 potions of haste {unknown}
 l - a potion of ambrosia {unknown}
 o - a potion of resistance {unknown}
 p - 2 potions of degeneration {unknown}
 r - a potion of attraction {unknown}
 z - 4 potions of lignification {unknown}
 B - a potion of curing {unknown}
 C - a potion of invisibility {unknown}


   Skills:
 + Level 2.7 Fighting
 + Level 4.7 Dodging
 - Level 2.6 Stealth
 + Level 4.2 Spellcasting
 + Level 4.1 Hexes
 + Level 5.7 Summonings


You couldn't memorise any spells.
You knew the following spells:

 Your Spells              Type           Power      Damage    Failure   Level
a - Summon Small Mammal   Summ           100%       N/A       1%          1
b - Call Imp              Summ           25%        N/A       1%          2
c - Call Canine Familiar  Summ           25%        N/A       3%          3
d - Summon Guardian Gole  Hex/Summ       22%        N/A       5%          3
e - Summon Lightning Spi  Summ/Air       14%        N/A       38%         4

Your spell library contained the following spells:

 Spells                   Type           Power      Damage    Failure   Level
 Passage of Golubria      Tloc           4%         N/A       80%         4
 Silence                  Hex/Air        5%         N/A       85%         5
 Lehudib's Crystal Spear  Conj/Erth      2%         10d2      100%        8


Dungeon Overview and Level Annotations

Branches:
Dungeon (6/15)             Temple (1/1) D:6

Altars:
Ashenzari
Cheibriados
Dithmenos
Elyvilon
Fedhas
Gozag
Hepliaklqana
Makhleb
Nemelex Xobeh
Okawaru
Qazlal
Ru
Sif Muna
Trog
Uskayaw
Vehumet
Wu Jian
Xom
Yredelemnul
Zin

Shops:
D:4 ?

Annotations:
D:6 Maggie


Innate Abilities, Weirdness & Mutations

You have sharp claws.
You have razor-sharp teeth.
You have supernaturally acute eyesight. (SInv)
You cover ground quickly. (Speed+)
You are covered in thick fur. (AC +2)
Your paws help you pounce on unaware monsters.
You are incapable of wielding weapons or throwing items.
You cannot wear armour.
You gain extra lives every three experience levels.


Message History

Partly explored, unvisited transporter.
Partly explored, unvisited transporter.
Partly explored, unvisited transporter.
Found an opulent altar of Gozag.
There is a transporter here.
You enter the transporter and appear at another place.
There is a transporter here.
You enter the transporter and appear at another place.
Found a snail-covered altar of Cheibriados.
There is a transporter here.
You enter the transporter and appear at another place.
(D) Dungeon (T) Temple
Where to? (Enter - Temple @ (x,y), ? - help) (A) Ashenzari (C) Cheibriados (D) Dithmenos (E) Elyvilon (F) Fedhas (G) Gozag (H) Hepliaklqana (M) Makhleb (N) Nemelex Xobeh (O) Okawaru (Q) Qazlal (R) Ru (S) Sif Muna (T) Trog (U) Uskayaw (V) Vehumet (W) Wu Jian (X) Xom (Y) Yredelemnul (Z) Zin Go to which altar? (? - help) Sorry, I don't know how to get there.
There is a transporter here.
You enter the transporter and appear at another place.
There is a staircase back to the Dungeon here.
You climb upwards.
Welcome back to the Dungeon!
Level annotation: Maggie The bullfrog completely misses you.
The bullfrog hits you.
There is a staircase to the Ecumenical Temple here.
The bullfrog attacks as you move away! The bullfrog misses you.
The bullfrog completely misses you. The bullfrog hits you.
The bullfrog attacks as you move away! The bullfrog hits you.
The bullfrog attacks as you move away! The bullfrog hits you.
The bullfrog attacks as you move away! The bullfrog completely misses you.
The bullfrog hits you.
* * * LOW HITPOINT WARNING * * *
Casting: Call Imp (safe; 1% risk of failure)
Confirm with . or Enter, or press ? or * to list all spells.
A guardian golem appears, shielding your allies.
The bullfrog hits you.
You die...

..................
#.....##...##.#.#
## #.##.g.##...#
... #.........#
..#...$>....#
#...........#
####.##.5.##.###
.....##...##.9.###
##..........#F@.#
##..#.......##....#
#..#####...# ###..#
#. ##.... ..# ..
##...?. # ..
##.##.. .. . .##


You could see a bullfrog (ally target), a gnoll, a white imp and a friendly
guardian golem (summoned).

Vanquished Creatures
  An endoplasm (D:3)
  A jackal (D:2)
  A rat (D:3)
3 creatures vanquished.

Vanquished Creatures (collateral kills)
  A centaur (D:5)
  A bullfrog (D:4)
  A hound (D:5)
  An iguana (D:4)
  Robin (D:3)
  5 gnolls
  14 adders
  A shadow imp (D:6)
  2 worms
  2 dart slugs
  2 orcs (D:5)
  4 bats
  2 endoplasms
  4 giant cockroaches
  19 goblins
  7 hobgoblins
  3 jackals (D:2)
  8 kobolds
  A quokka (D:2)
  A ball python (D:1)
  3 frilled lizards (D:1)
  5 rats
  A spectral orc (D:4)
89 creatures vanquished.

Vanquished Creatures (others)
  A centaur (D:5)
  A gnoll sergeant (D:6)
  An iguana (D:5)
3 creatures vanquished.

Grand Total: 95 creatures vanquished

Notes
Turn   | Place    | Note
-------+----------+-------------------------------------------
     0 | D:1      | Mitcholas the Felid Summoner began the quest for the Orb.
     0 | D:1      | Reached XP level 1. HP: 7/7 MP: 4/4
   163 | D:1      | Reached XP level 2. HP: 11/11 MP: 3/6
  1053 | D:2      | Reached XP level 3. HP: 14/14 MP: 5/8
  1056 | D:2      | Learned a level 2 spell: Call Imp
  1060 | D:2      | Learned a level 3 spell: Summon Guardian Golem
  1547 | D:2      | Found a faded altar of an unknown god.
  1573 | D:2      | Reached XP level 4. HP: 18/18 MP: 6/9
  1579 | D:2      | Learned a level 3 spell: Call Canine Familiar
  2867 | D:3      | Noticed Robin
  2874 | D:3      | Killed Robin
  2875 | D:3      | Reached skill level 1 in Hexes
  3379 | D:4      | Reached skill level 5 in Summonings
  3404 | D:4      | Found a basalt altar of Yredelemnul.
  3503 | D:4      | Reached skill level 1 in Fighting
  3503 | D:4      | Reached XP level 5. HP: 22/22 MP: 4/11
  3832 | D:4      | Found Emoustur's Magic Scroll Shop.
  4048 | D:4      | Gained mutation: You are covered in thick fur. (AC +2)
                  | [Felid growth]
  4048 | D:4      | Reached XP level 6. HP: 26/26 MP: 12/12
  4497 | D:5      | Entered Level 5 of the Dungeon
  5231 | D:5      | Learned a level 4 spell: Summon Lightning Spire
  5370 | D:5      | Reached XP level 7. HP: 30/30 MP: 11/14
  5729 | D:6      | Shot with an arrow by a centaur
  5730 | D:6      | Reached XP level 6. HP: -8/27 MP: 13/13
  5822 | D:6      | Noticed Maggie
  5830 | D:6      | Slain by a bullfrog
  5831 | D:6      | Reached XP level 5. HP: -3/23 MP: 3/12
  5831 | D:6      | Found a staircase to the Ecumenical Temple.
  5844 | Temple   | Entered the Ecumenical Temple
  5844 | Temple   | Found a transporter.
  5844 | Temple   | Found a transporter.
  5885 | Temple   | Found a transporter.
  5885 | Temple   | Found a transporter.
  5925 | D:6      | Slain by a bullfrog

Illustrated notes

Levels and vault maps discovered:
D:1:      wander_arrival_abandoned_jail, layout_loops_ring,
          minmay_misc_feat_room, dreamdust_mushroom_princess,
          minmay_pentomino_o4
D:2:      layout_basic, basic_ecumenical_altar
D:3:      layout_loops_corners, kennysheep_generic_room_9, uniq_robin
D:4:      layout_basic, yredelemnul_forgotten_temple_becter, serial_shops,
          nicolae_inconvenience_store
D:5:      layout_basic, kennysheep_cross_room, minmay_holes
D:6:      layout_rooms, minmay_temple_entry_stoned_glass,
          kennysheep_generic_room_13, uniq_maggie
Temple:   hellmonk_temple_divided_pantheon

Skill      XL: |  1  2  3  4  5  6 |
---------------+-------------------+-----
Spellcasting   | 3 4 |  4.2
Dodging        | 3 4 |  4.7
Hexes          | 1 2 4 |  4.1
Summonings     | 5 |  5.7
Fighting       | 1 2 |  2.7
Stealth        | |  2.6

Action                     |  1- 3 |  4- 6 |  7- 9 || total
---------------------------+-------+-------+-------++-------
  Melee: Unarmed           |     5 |     4 |       ||     9
         Bite              |     1 |     2 |       ||     3
   Cast: Summon Small Mamm |    51 |       |       ||    51
         Call Imp          |     9 |    17 |       ||    26
         Call Canine Famil |       |    38 |     5 ||    43
         Summon Guardian G |       |     4 |     1 ||     5
    Use: Scroll            |       |     5 |     2 ||     7
 Armour: Skin              |     1 |     1 |       ||     2
  Dodge: Dodged            |    16 |    36 |     2 ||    54

Table legend: (Time is in decaauts)
 A = Elapsed time spent in this place.
 B = Non-inter-level travel time spent in this place.
 C = Inter-level travel time spent in this place.
 D = Time resting spent in this place.
 E = Time spent auto-exploring this place.
 F = Levels seen in this place.
 G = Mean time per level.
                   A        B        C        D        E       F      G
               +--------+--------+--------+--------+--------+-----+--------+
         Total |   5176 |   4936 |    240 |    306 |   3487 |   7 |  739.4 |
       Dungeon |   5109 |   4881 |    228 |    306 |   3443 |   6 |  851.5 |
        Temple |     67 |     55 |     12 |      0 |     43 |   1 |   67.0 |
               +--------+--------+--------+--------+--------+-----+--------+

Top non-repeatable levels by time:
     D:2: 1074 daAuts
     D:3: 1049 daAuts
     D:5: 1029 daAuts
     D:4: 923 daAuts
     D:1: 897 daAuts
     D:6: 134 daAuts
  Temple: 67 daAuts
